 Dungeon Crawl Stone Soup version 0.32-a0-732-ga344392067 (webtiles) character file.

Game seed: 12097007573843956843

322 runemasterragnar the Ruffian (level 6, -6/41 HPs)
             Began as an Octopode Shapeshifter on Mar 16, 2024.
             Killed from afar by an orc (7 damage)
             ... with a puff of flame
             ... on level 4 of the Dungeon.
             The game lasted 00:02:15 (2517 turns).

runemasterragnar the Ruffian (OpSh)                 Turns: 2517, Time: 00:02:16

Health: -6/41      AC:  1    Str: 14 (15) XL:     6   Next: 47%
Magic:  6/6        EV: 12    Int: 10 (13) God:
Gold:   205        SH:  0    Dex:  9 (11) Spells: 5/5 levels left

rFire   . . .        h - +3 mace (protect)
rCold   . . .        (no shield)
rNeg    . . .        (helmet currently unavailable)
rPois   .            (no amulet)
rElec   .            j - ring of see invisible
rCorr   .            (no ring)
SInv    +            (no ring)
Will    .....        (no ring)
Stlth   +++          (no ring)
HPRegen 0.26/turn    (no ring)
MPRegen 0.10/turn    (no ring)
                     (no ring)

%: no passive effects
@: beast-form
A: beast (slay +2), almost no armour, amphibious, 8 rings, camouflage 1,
gelatinous body 1, (nimble swimmer 1), tentacles
a: Begin Untransformation


You were on level 4 of the Dungeon.
You were a hulking beast.
You visited 1 branch of the dungeon, and saw 4 of its levels.

You collected 205 gold pieces.

Inventory:

Hand Weapons
 h - a +3 mace of protection (weapon)
Missiles
 q - 2 boomerangs (quivered)
 r - 8 poisoned darts
Magical Staves
 g - a staff of death
Jewellery
 j - a ring of see invisible (left tentacle)
Talismans
 b - a beast talisman (active)
 c - a flux talisman
Wands
 i - a wand of flame (22)
Scrolls
 d - a scroll of summoning {unknown}
 l - a scroll of blinking {unknown}
 m - a scroll of amnesia
 n - 2 scrolls of enchant armour {unknown}
 o - a scroll of noise {unknown}
 p - 2 scrolls of identify {unknown}
Potions
 a - 2 potions of lignification
 e - a potion of enlightenment {unknown}
 f - a potion of cancellation {unknown}
 k - a potion of degeneration


   Skills:
 + Level 2.7 Fighting
 + Level 3.3 Dodging
 + Level 3.6 Stealth
 + Level 3.9 Unarmed Combat
 + Level 1.9 Evocations
 + Level 3.8 Shapeshifting


You had 5 spell levels left.
You didn't know any spells.
Your spell library contained the following spells:

 Spells                   Type           Power      Damage    Failure   Level
 Foxfire                  Conj/Fire      0%         2x1d4     36%         1
 Plasma Beam              Fire/Air       0%         2x1d10    100%        6
 Starburst                Conj/Fire      0%         6d3       100%        6


Dungeon Overview and Level Annotations

Branches:
Dungeon (4/15)
 Temple: D:4-7

Altars:
Wu Jian


Innate Abilities, Weirdness & Mutations

You are a hulking beast.
Your limbs bulge with bestial killing power. (Slay +2)
You cannot wear most types of armour.
You are amphibious.
You can wear up to eight rings at the same time.
Your skin changes colour to match your surroundings (Stealth+).
Your rubbery body absorbs attacks. (AC +1, EV +1)
((You are camouflaged when in or above water. (Stealth+)))
You have tentacles for arms and can constrict up to eight enemies at once.


Message History

You thump the orc!
Your weapon exudes an aura of protection.
You kill the orc!
The orc hits you but does no damage.
The orc zaps a wand.
The puff of flame hits you.
You are too injured to fight recklessly!
Unknown command.
You sock the orc!
You kill the orc!
The orc zaps a wand.
The puff of flame hits you. The orc barely misses you.
Unknown command.
You thump the orc!
You kill the orc!
The orc zaps a wand.
The puff of flame hits you!
The ribbon worm expels a string of sticky webbing.
The stream of webbing misses you.
The orc zaps a wand.
The puff of flame hits you.
* * * LOW HITPOINT WARNING * * *
You barely miss the orc. Your grab misses the orc.
The orc hits you but does no damage.
The orc zaps a wand.
The puff of flame hits you.
* * * LOW HITPOINT WARNING * * *
The ribbon worm expels a string of sticky webbing.
The stream of webbing hits you but does no damage.
You are caught in a web!
There is a web here.
You struggle to detach yourself from the web.
The web tears apart.
The orc hits you with a +0 mace.
* * * LOW HITPOINT WARNING * * *
The ribbon worm attacks as it pursues you!
The ribbon worm completely misses you. The orc attacks as it pursues you!
The orc hits you with a +0 mace!
* * * LOW HITPOINT WARNING * * *
The orc attacks as it pursues you! The orc hits you with a +0 mace.
* * * LOW HITPOINT WARNING * * *
It was a potion of degeneration.
There was something very wrong with that liquid.
You feel weakened.
You feel dopey.
You feel clumsy.
The orc zaps a wand.
The puff of flame hits you!
You die...

######### ####.## ........#
#......# ........#
##......# ........#
.......# ........#
#......#####
........######+#...........
........#..................
........#........w.).......
........#.......ho..)......
#.####..%..###.#######.....
#.# #.###.# #.# ..^ #.# #.#
#.# #.. . #.# .. #.. +...
.) .## #####.... ## #?....
#......


You could see a ribbon worm and an orc.

Vanquished Creatures
  Sigmund (D:3)
  An orc priest (D:4)
  An orc wizard (D:4)
  3 adders (D:2)
  4 dart slugs
  A ribbon worm (D:2)
  6 orcs
  3 ball pythons
  7 endoplasms
  3 giant cockroaches
  5 goblins
  4 hobgoblins
  6 quokkas
  5 bats
  2 frilled lizards (D:1)
  8 kobolds
  7 rats
67 creatures vanquished.

Notes
Turn   | Place    | Note
-------+----------+-------------------------------------------
     0 | D:1      | runemasterragnar the Octopode Shapeshifter began the quest
                  | for the Orb.
     0 | D:1      | Reached XP level 1. HP: 13/13 MP: 1/1
    80 | D:1      | Reached XP level 2. HP: 6/18 MP: 2/2
   337 | D:1      | Reached skill level 1 in Stealth
   740 | D:1      | Reached XP level 3. HP: 23/23 MP: 3/3
   942 | D:2      | Reached XP level 4. HP: 25/29 MP: 4/4
  1331 | D:2      | Found an ornate altar of the Wu Jian Council.
  1733 | D:3      | Noticed Sigmund
  1739 | D:3      | Killed Sigmund
  1740 | D:3      | Reached skill level 1 in Evocations
  1740 | D:3      | Reached XP level 5. HP: 18/35 MP: 5/5
  1740 | D:3      | Reached XP level 6. HP: 21/41 MP: 6/6
  2304 | D:3      | Found an ornate altar of the Wu Jian Council.
  2516 | D:4      | HP: 1/41 [orc/+0 mace (2)]
  2517 | D:4      | Killed from afar by an orc

Illustrated notes

Levels and vault maps discovered:
D:1:      heliophobic_arrival_glass_houses, layout_loops_ring,
          minmay_stone_trees_small, minmay_pentomino_t4
D:2:      layout_basic, basic_altar
D:3:      layout_basic, pf_just_have_faith, uniq_sigmund
D:4:      layout_basic

Skill      XL: |  1  2  3  4 |
---------------+-------------+-----
Stealth        | 1 2 3 |  3.6
Fighting       | 2 |  2.7
Dodging        | 3 |  3.3
Evocations     | 1 |  1.9
Unarmed Combat | |  3.9
Shapeshifting  | |  3.8

Action                     |  1- 3 |  4- 6 || total
---------------------------+-------+-------++-------
  Melee: Unarmed           |    22 |       ||    22
         Constrict         |    17 |    11 ||    28
         Tentacles         |     3 |     8 ||    11
         Punch             |     2 |       ||     2
         Mace              |    34 |    42 ||    76
    Use: Scroll            |     2 |       ||     2
         Potion            |       |     1 ||     1
   Stab: Sleeping          |     7 |     9 ||    16
 Armour: Skin              |    20 |    19 ||    39
  Dodge: Dodged            |    28 |    19 ||    47

Table legend: (Time is in decaauts)
 A = Elapsed time spent in this place.
 B = Non-inter-level travel time spent in this place.
 C = Inter-level travel time spent in this place.
 D = Time resting spent in this place.
 E = Time spent auto-exploring this place.
 F = Levels seen in this place.
 G = Mean time per level.
                   A        B        C        D        E       F      G
               +--------+--------+--------+--------+--------+-----+--------+
         Total |   2544 |   2406 |    138 |    150 |   1829 |   4 |  636.0 |
       Dungeon |   2544 |   2406 |    138 |    150 |   1829 |   4 |  636.0 |
               +--------+--------+--------+--------+--------+-----+--------+

Top non-repeatable levels by time:
     D:3: 843 daAuts
     D:2: 830 daAuts
     D:1: 809 daAuts
     D:4: 61 daAuts
